AoeStats
← Victor Kenny

Arena

510309391Analyzed
2v2 RM · 1d ago on Sep 30, 2026· 27m 29s· 4 players
Game mode
Random Map
Map size
Medium (4 player)
Population
200
Speed
Normal
Resources
Standard
Victory
Conquest
Starting age
Dark Age
Ending age
Imperial Age
RankedLock teamsTeams togetherTeam positionsShared explorationLock speedFull tech treeHidden civsTurbo modeCheats
Victory
Defeat
🇫🇷 Britons · France
1590
+13
🇫🇷 Gurjaras · France
1541
+15
🇭🇰 Ethiopians · Hong Kong SAR China
1513
-14
🇭🇰 Gurjaras · Hong Kong SAR China
1513
-14
Victor Kenny
9:19 Feudal Age
13:20 Castle Age
11:50 Double-Bit Axe
18:27 Loom
22:09 Horse Collar
23:54 Scale Barding Armor
27:42 Bloodlines
Harry Peter
10:34 Feudal Age
11:40 Double-Bit Axe
13:15 Fletching
14:21 Padded Archer Armor
18:32 Town Watch
22:00 Loom
ccereal
8:10 Feudal Age
7:03 Loom
9:07 Double-Bit Axe
9:40 Horse Collar
16:31 Castle Age
15:33 Fletching
17:13 Bodkin Arrow
23:49 Crossbowman
Flybidi
9:42 Feudal Age
13:46 Castle Age
16:30 Double-Bit Axe
19:45 Scale Barding Armor
22:00 Bow Saw
21:30 Horse Collar
23:05 Forging
24:06 Bloodlines
Connection lost

Rejoining the realm…

Still unreachable

The connection could not be restored.

Session expired

The server has moved on; the page needs a fresh start.